 Dungeon Crawl Stone Soup version 0.30.1-9-gdf580d7c3d (webtiles) character file.

Game seed: 8535481951622405216

18 PersonalAccount02 the Trooper (level 2, -1/19 HPs)
             Began as a Gargoyle Chaos Knight on Oct 15, 2023.
             Was a Plaything of Xom.
             Slain by a hobgoblin (4 damage)
             ... on level 1 of the Dungeon.
             The game lasted 00:04:47 (593 turns).

PersonalAccount02 the Trooper (GrCK)                 Turns: 593, Time: 00:04:48

Health: -1/19      AC:  8    Str: 15    XL:     2   Next: 70%
Magic:  2/2        EV: 11    Int: 12    God:    Xom [.....*]
Gold:   14         SH:  0    Dex:  9    Spells: 1/1 levels left

rFire   . . .        a - +0 spear (chaos)
rCold   . . .        (no shield)
rNeg    + . .        b - +2 leather armour
rPois   ∞            (no helmet)
rElec   +            (no cloak)
rCorr   .            (no gloves)
SInv    .            (no boots)
Will    .....        (no amulet)
Stlth   +            (no ring)
HPRegen 0.23/turn    (no ring)
MPRegen 0.08/turn

%: no passive effects
@: no status effects
A: sickness immunity, AC +2, negative energy resistance 1, electricity
resistance, torment resistance 1, petrification resistance
a: Renounce Religion


You were on level 1 of the Dungeon.
You worshipped Xom.
You were Xom's teddy bear.
You visited 1 branch of the dungeon, and saw 1 of its levels.

You collected 14 gold pieces.

Inventory:

Hand Weapons
 a - a +0 spear of chaos (weapon)
Armour
 b - a +2 leather armour (worn)
Magical Staves
 d - a staff of air
Potions
 e - 2 potions of heal wounds {unknown}
Miscellaneous
 c - a piece from Xom's chessboard (13/15) (quivered)


   Skills:
 + Level 3.5 Fighting
 + Level 3.0 Polearms
 + Level 2.4 Armour
 + Level 1.0 Dodging
 + Level 0.5 Stealth


You had one spell level left.
You didn't know any spells.
Your spell library was empty.

Dungeon Overview and Level Annotations

Branches:
Dungeon (1/15)

Altars:


Innate Abilities, Weirdness & Mutations

You are immune to sickness and miasma.
Your stone body is resilient. (AC +2)
You are immune to poison.
You resist negative energy. (rN+)
You are resistant to electric shocks. (rElec)
You are resistant to unholy torment.
You are immune to petrification.


Message History

The hobgoblin is no longer unusually agile.
The hobgoblin barely misses you.
The hobgoblin hits you but does no damage.
The hobgoblin barely misses you.
You hit the hobgoblin. You freeze the hobgoblin.
You kill the hobgoblin!
The hobgoblin barely misses you. x2
Your Dodging skill increases to level 1!
You closely miss the hobgoblin. "Just a minor improvement..."
A door slams shut!
The hobgoblin closely misses you. The hobgoblin hits you.
The hobgoblin misses you.
You closely miss the hobgoblin.
The hobgoblin hits you but does no damage.
The hobgoblin barely misses you. x2
You hit the hobgoblin. You burn the hobgoblin.
The hobgoblin is moderately wounded.
The hobgoblin hits you but does no damage.
The hobgoblin hits you. The hobgoblin closely misses you.
You hit the hobgoblin. You burn the hobgoblin.
The hobgoblin is almost dead.
The hobgoblin hits you but does no damage.
The hobgoblin misses you. x2
You hit the hobgoblin. You freeze the hobgoblin.
You kill the hobgoblin!
The hobgoblin hits you.
The hobgoblin hits you but does no damage.
You barely miss the hobgoblin.
The hobgoblin hits you but does no damage. x3
You hit the hobgoblin.
You kill the hobgoblin!
The hobgoblin hits you. The hobgoblin barely misses you.
Things that are here:
a hobgoblin corpse; a hobgoblin corpse The hobgoblin closely misses you.
The hobgoblin hits you.
* * * LOW HITPOINT WARNING * * *
The hobgoblin attacks as you move away! The hobgoblin closely misses you.
The hobgoblin attacks as you move away! The hobgoblin hits you.
You die... "I guess I need a new plaything now."

#.# #. ###'### #.###...
...#####.....##### .......
...#...#.....#...# #.# #.#
###.#!#.8.'.....'.8.#
..###.###.....#...#.....#...#
........... #?#####.....##### ##
.......##.# #.#####+###+#######..
.......##.###.#.................#
.............†gg@.)...........†..
.......###.##.#.................#
.......# #.#..##.#####.#.######.#
.......# #.#.###.# ...#... ..
######## #.#.###.# #.#####.# #
#.......# #. .# ########
###.####......# # .......# #.#
.####.. #.##.#.#####.# .#


You could see 2 hobgoblins.

Vanquished Creatures
  A goblin (D:1)
  4 hobgoblins (D:1)
  4 jackals (D:1)
  2 quokkas (D:1)
  2 ball pythons (D:1)
  A bat (D:1)
  2 frilled lizards (D:1)
16 creatures vanquished.

Notes
Turn   | Place    | Note
-------+----------+-------------------------------------------
     0 | D:1      | PersonalAccount02 the Gargoyle Chaos Knight began the quest
                  | for the Orb.
     0 | D:1      | Reached XP level 1. HP: 14/14 MP: 1/1
    55 | D:1      | XOM: silly message
    86 | D:1      | XOM: silly message
    88 | D:1      | XOM: butterfly on damage
   191 | D:1      | Reached XP level 2. HP: 19/19 MP: 2/2
   582 | D:1      | Reached skill level 1 in Dodging
   582 | D:1      | XOM: scenery: 1 doors close
   593 | D:1      | Slain by a hobgoblin

Illustrated notes

Levels and vault maps discovered:
D:1:      minmay_arrival_stair_chambers, layout_loops_cross, serial_forest,
          infiniplex_forest_lined_4_way, infiniplex_forest_lined_2,
          infiniplex_forest_straight_3, infiniplex_forest_lined_corner,
          infiniplex_forest_end_double, chequers_serial_rivers_marsh

Skill      XL: |  1  2 |
---------------+-------+-----
Polearms       | 3 |  3.0
Dodging        | 1 |  1.0
Fighting       | |  3.5
Armour         | |  2.4
Stealth        | |  0.5

Action                     || total
---------------------------++-------
  Melee: Staff             ||   294
         Spear             ||    47
         Punch             ||     5
  Evoke: Piece from Xom's  ||     2
   Stab: Petrified         ||     7
 Armour: Leather armour    ||    73
  Dodge: Dodged            ||   116
